Map: Alcyone LE

Players

Skyoats - Winner!

  • Race: Zerg Zerg
  • League: Platinum
  • Spawn Location: 7:00

Blondes

  • Race: Protoss Protoss
  • League: Platinum
  • Spawn Location: 1:00

VOD

Have the link to the VOD?

Description

Time

  • Played on: March 4, 2024, 4:27 p.m.
  • Length: 9:57
Show
View Real Time Build Order
Export as new Build Order

Skyoats Zerg - Winner!

Build Orders: Hatch First, Roach Hydra 

Get SALT Encoding   

  12  0:01  Drone  
  13  0:13  Overlord  
  13  0:17  Drone  
  14  0:32  Drone x2  
  14  0:35  Drone  
  17  0:54  Hatchery  
  17  0:56  Drone  
  17  0:59  Drone  
  18  1:19  Spawning Pool  
  18  1:20  Drone  
  18  1:21  Drone  
  19  1:27  Extractor  
  19  1:30  Drone  
  19  1:41  Drone  
  20  1:55  Overlord  
  20  2:07  Queen  
  22  2:08  Queen  
  24  2:20  Hatchery  
  24  2:21  Drone  
  24  2:22  Drone  
  25  2:24  Drone  
  25  2:27  Drone  
  27  2:35  Drone x2  
  29  2:43  Queen  
  31  2:51  Queen  
  33  3:01  Overlord  
  33  3:02  Drone  
  33  3:03  Drone  
  33  3:04  Drone  
  36  3:15  Overlord  
  36  3:19  Queen  
  38  3:27  Queen  
  38  3:29  Drone x2  
  38  3:30  Drone  
  38  3:34  Drone  
  44  3:43  Roach Warren  
  39  4:11  Drone  
  39  4:12  Drone x11  
  51  4:22  Spore Crawler  
  50  4:24  Spore Crawler  
  50  4:28  Overlord  
  49  4:35  Extractor  
  49  4:36  Extractor  
  47  4:41  Queen  
  49  4:54  Drone x9  
  49  4:57  Overlord  
  58  5:03  Lair  
  58  5:19  Evolution Chamber  
  57  5:23  Evolution Chamber  
  56  5:30  Pneumatized Carapace  
  56  5:32  Drone x10  
  66  5:45  Overlord  
  66  5:46  Overlord  
  66  5:53  Extractor  
  65  5:57  Extractor  
  64  6:11  Hydralisk Den  
  64  6:13  Roach  
  64  6:14  Roach x8, Overlord  
  64  6:15  Overlord x2  
  64  6:18  Glial Reconstitution  
  81  6:20  Zerg Missile Weapons Level 1  
  81  6:23  Zerg Ground Armor Level 1  
  81  6:28  Drone  
  81  6:29  Overlord  
  82  6:41  Queen  
  84  6:51  Hydralisk  
  84  6:52  Hydralisk x7  
  100  6:57  Grooved Spines  
  100  7:12  Overlord  
  100  7:13  Overlord  
  100  7:16  Roach x7  
  100  7:17  Overlord  
  100  7:18  Overlord  
  114  7:38  Hydralisk  
  114  7:39  Hydralisk x3  
  114  7:40  Drone  
  114  7:41  Drone x5  
  128  7:48  Muscular Augments  
  128  7:55  Extractor  
  127  8:05  Hatchery  
  123  8:28  Hydralisk x11  
  142  9:02  Hydralisk  
  138  9:03  Hydralisk x3  
  138  9:04  Overlord x3  
  138  9:20  Hydralisk  
  138  9:21  Hydralisk x3, Overlord  
  138  9:22  Overlord x2  
  138  9:23  Roach  
  154  9:24  Roach x6  
  160  9:36  Drone x3  
  160  9:37  Drone x3  
Show
View Real Time Build Order
Export as new Build Order

Blondes Protoss 

Build Orders: 1 Gate Expand, Oracle Opening, Zealot Archon 

Get SALT Encoding   

  12  0:00  Probe  
  13  0:21  Pylon  
  13  0:24  Probe (Chrono Boost)  
  15  0:35  Probe (Chrono Boost)  
  15  0:40  Gateway  
  15  0:42  Probe  
  16  0:53  Assimilator  
  16  0:54  Probe  
  17  1:06  Probe  
  18  1:18  Probe  
  19  1:39  Cybernetics Core  
  19  1:41  Nexus  
  19  1:46  Probe  
  20  1:47  Pylon  
  20  1:51  Assimilator  
  20  1:58  Probe  
  21  2:09  Gateway  
  21  2:10  Probe  
  21  2:14  Adept (Chrono Boost)  
  24  2:22  Probe  
  25  2:34  Stargate  
  25  2:35  Probe  
  26  2:37  Adept  
  28  2:45  Pylon  
  28  2:53  Assimilator  
  28  2:59  Stalker  
  30  3:07  Probe  
  31  3:17  Probe  
  31  3:19  Probe  
  33  3:24  Oracle  
  36  3:30  Probe  
  37  3:42  Probe  
  36  4:26  Oracle  
  36  4:27  Pylon  
  36  4:30  Pylon  
  36  4:31  Probe x2  
  41  4:40  Pylon  
  41  4:43  Robotics Facility, Probe  
  42  4:46  Twilight Council  
  42  4:48  Forge  
  42  5:16  Probe  
  42  5:17  Probe  
  42  5:20  Warp Gate  
  44  5:25  Protoss Ground Weapons Level 1  
  44  5:26  Charge  
  44  5:29  Probe x2  
  44  5:30  Templar Archives  
  44  5:32  Gateway  
  44  5:34  Gateway  
  46  5:36  Gateway  
  46  5:48  Nexus  
  46  5:49  Pylon  
  46  6:07  Probe x2  
  46  6:09  Warp Prism  
  50  6:14  Shield Battery  
  50  6:18  Pylon  
  50  6:19  Probe x2  
  52  6:45  Immortal  
  56  6:49  Photon Cannon  
  56  6:51  Shield Battery  
  56  6:53  Probe x2  
  58  6:54  Gateway  
  58  6:59  Assimilator x2  
  58  7:03  Assimilator  
  58  7:05  Probe  
  58  7:06  Probe  
  60  7:26  High Templar  
  60  7:27  High Templar x3  
  68  7:31  Archon  
  68  7:32  Archon  
  68  7:37  Immortal  
  72  7:51  Probe x3  
  75  7:59  Gateway  
  75  8:02  Pylon  
  75  8:03  Zealot, Pylon, Probe x2  
  75  8:04  Zealot x3  
  75  8:05  Zealot x2  
  89  8:09  Gateway  
  89  8:31  Zealot x6  
  85  9:02  Zealot x2  
  89  9:03  Zealot x4  
  73  9:34  Photon Cannon  
  73  9:37  High Templar x4, Photon Cannon  
  73  9:38  High Templar  
  83  9:39  Pylon  
  83  9:42  Archon, Photon Cannon  
  83  9:43  Archon  
Tags
 
Add a new tag
Caveats
  • Supply blocks, unpowered buildings, or Contaminate may cause inaccurate times.
  • Supply counts are checked every 10 seconds.